 Dungeon Crawl Stone Soup version 0.18.1-8-gdd0e5ea (webtiles) character file.

278090 dvd the Metallomancer (level 20, -1/114 HPs)
             Began as a Gargoyle Earth Elementalist on June 6, 2016.
             Was the Champion of Vehumet.
             Killed by the raging water
             ... invoked by a water nymph
              (25 damage)
             ... on level 3 of the Shoals on June 9, 2016.
             The game lasted 04:41:38 (52350 turns).

dvd the Metallomancer (GrEE)                       Turns: 52350, Time: 04:41:39

Health: -1/114     AC: 38    Str: 17    XL:     20   Next: 82%
Magic:  32/50      EV: 13    Int: 23    God:    Vehumet [******]
Gold:   3007       SH:  9    Dex: 17    Spells: 11 memorised, 10 levels left

rFire  + . .     SeeInvis .     i - +6 eveningstar (drain)
rCold  + + .     Gourm    .     A - +6 scale mail {rF+}
rNeg   + + +     Faith    .     f - +0 shield {reflect}
rPois  ∞         Spirit   .     E - -2 hat of the Alchemist {rElec rPois rF+ rC+ rN+ MR+ rMut rCorr}
rElec  +         Dismiss  .     W - +2 cloak
rCorr  +         Reflect  +     s - +2 pair of gloves
rMut   +         Harm     .     I - +2 pair of boots
SustAt .         Clarity  +     q - amulet of the Four Winds {rN+ MR+++ Clar}
MR     +++++                    B - +6 ring of dexterity
Stlth  +++.......               u - ring of the Vendetta {Ice Fragile +Inv MP+9 Str+4}

@: flying, repel missiles, almost entirely resistant to hostile enchantments,
fairly stealthy
A: big wings, horns 1, blurry vision 1, negative energy resistance 1,
electricity resistance, unbreathing, petrification resistance, rot immunity, AC
+15
a: Stop Flying, Renounce Religion, Evoke Invisibility
}: 1/15 runes: serpentine


You were on level 3 of the Shoals.
You worshipped Vehumet.
Vehumet was exalted by your worship.
You were hungry.

You visited 6 branches of the dungeon, and saw 35 of its levels.
You also visited: Labyrinth and Sewer.

You collected 4463 gold pieces.
You spent 1456 gold pieces at shops.

Inventory:

Hand Weapons
 a - a +6 quarterstaff of chaos
 i - a +6 eveningstar of draining (weapon)
 p - the +1 morningstar of Mandamus {crush, SInv}
   (You took it off a deep elf high priest on level 3 of the Elven Halls)

   It inflicts extra damage upon your enemies.
   It lets you see invisible.
Armour
 f - a +0 shield of reflection (worn)
 s - a +2 pair of gloves (worn)
 w - the +1 robe of Eternal Vigilance {Int+4 Dex+4}
   (You took it off a deep elf sorcerer on level 3 of the Elven Halls)

   It affects your intelligence (+4).
   It affects your dexterity (+4).
 A - a +6 scale mail of fire resistance (worn)
 E - the -2 hat of the Alchemist (worn) {rElec rPois rF+ rC+ rN+ MR+ rMut rCorr}
   (You bought it in a shop on level 2 of the Orcish Mines)

   It protects you from fire.
   It protects you from cold.
   It insulates you from electricity.
   It protects you from poison.
   It protects you from negative energy.
   It affects your resistance to hostile enchantments.
   It protects you from acid and corrosion.
   It protects you from mutation.
 I - a +2 pair of boots (worn)
 W - a +2 cloak (worn)
Magical Staves
 x - an uncursed staff of conjuration
Jewellery
 c - an uncursed amulet of regeneration
 q - the amulet of the Four Winds (around neck) {rN+ MR+++ Clar}
   (You found it on level 2 of the Snake Pit)

   [amulet of nothing]

   It protects you from negative energy.
   It affects your resistance to hostile enchantments.
   It protects you against confusion.
 t - a +3 amulet of reflection
 u - the ring of the Vendetta (left hand) {Ice Fragile +Inv MP+9 Str+4}
   (You found it on level 4 of the Dungeon)

   [ring of ice]

   It enhances your ice magic, and weakens your fire magic.
   It affects your strength (+4).
   It makes you vulnerable to fire.
   It protects you from cold.
   It affects your magic capacity (+9).
   It lets you turn invisible.
   It will be destroyed if unequipped.
 B - a +6 ring of dexterity (right hand)
 K - an uncursed amulet of magic regeneration
 N - an uncursed ring of sustain attributes
 T - an uncursed ring of see invisible
Wands
 D - a wand of acid (7/15)
 M - a wand of heal wounds (5/9)
 P - a wand of digging (14/24)
 Q - a wand of teleportation (5/9)
 V - a wand of teleportation (4/9)
Scrolls
 j - a scroll of amnesia
 l - 2 scrolls of fog
 F - 12 scrolls of teleportation
 G - a scroll of magic mapping
 H - 10 scrolls of identify
 J - 3 scrolls of recharging
 O - a scroll of blinking
 S - 4 scrolls of remove curse
Potions
 e - 3 potions of invisibility
 g - 3 potions of haste
 m - 3 potions of ambrosia
 n - 10 potions of brilliance
 v - 4 potions of magic
 z - 14 potions of curing
 C - a potion of agility
 L - a potion of cancellation
 Z - 2 potions of might
Books
 k - a Young Poisoner's Handbook

   Spells                             Type                      Level
   a - Sting                          Conjuration/Poison           1
   b - Cure Poison                    Poison                       2
   c - Mephitic Cloud                 Conjuration/Poison/Air       3
   d - Olgreb's Toxic Radiance        Poison                       4
   e - Venom Bolt                     Conjuration/Poison           5
 r - Raasorun's Disquisition on Glacial Transmutation
   (You found it on level 3 of the Elven Halls)

   Spells                             Type                      Level
   a - Ignite Poison                  Fire/Transmutation/Poison    3
   b - Ice Form                       Ice/Transmutation            4
   c - Blade Hands                    Transmutation                5
   d - Hydra Form                     Transmutation                6
 R - a book of Maledictions

   Spells                             Type                      Level
   a - Corona                         Hexes                        1
   b - Ensorcelled Hibernation        Hexes/Ice                    2
   c - Confuse                        Hexes                        3
   d - Tukima's Dance                 Hexes                        3
   e - Dazzling Spray                 Conjuration/Hexes            3
 X - a book of Alchemy

   Spells                             Type                      Level
   a - Sublimation of Blood           Necromancy                   2
   b - Ignite Poison                  Fire/Transmutation/Poison    3
   c - Petrify                        Transmutation/Earth          4
   d - Alistair's Intoxication        Transmutation/Poison         5
   e - Irradiate                      Conjuration/Transmutation    5
 Y - a book of Spatial Translocations

   Spells                             Type                      Level
   a - Apportation                    Translocation                1
   b - Blink                          Translocation                2
   c - Shroud of Golubria             Charms/Translocation         2
   d - Portal Projectile              Translocation                3
   e - Teleport Other                 Translocation                3
   f - Passage of Golubria            Translocation                4
Comestibles
 b - 2 chunks of flesh
 d - 14 bread rations
 h - 3 royal jellies
 o - 10 fruits
 U - 6 meat rations


   Skills:
 + Level 8.9 Fighting
   Level 0.5 Short Blades
 * Level 4.5(7.3) Maces & Flails
 + Level 8.8(9.3) Staves
 + Level 10.1 Armour
 + Level 9.3 Dodging
 + Level 7.7 Stealth
 + Level 2.9 Shields
 + Level 17.9 Spellcasting
 + Level 13.5 Conjurations
 + Level 3.4 Charms
 + Level 1.5 Translocations
 + Level 1.9 Transmutations
 + Level 3.3 Fire Magic
 + Level 1.7 Air Magic
 + Level 21.8 Earth Magic
 + Level 0.5 Evocations


You had 10 spell levels left.
You knew the following spells:

 Your Spells              Type           Power        Failure   Level  Hunger
a - Lehudib's Crystal Sp  Conj/Erth      #######...   63%         8    #######
b - Stone Arrow           Conj/Erth      ######       1%          3    None
c - Petrify               Trmt/Erth      ######..     2%          4    None
d - Lee's Rapid Deconstr  Erth           #######...   1%          5    None
e - Bolt of Magma         Conj/Fire/Erth #####.....   1%          5    None
f - Repel Missiles        Chrm/Air       ####..       17%         2    None
g - Force Lance           Conj/Tloc      ######..     4%          4    None
h - Iron Shot             Conj/Erth      #######...   1%          6    ####...
i - Blink                 Tloc           N/A          34%         2    None
j - Shroud of Golubria    Chrm/Tloc      ####......   21%         2    None
k - Dazzling Spray        Conj/Hex       ######..     2%          3    None


Dungeon Overview and Level Annotations

Branches:
Dungeon (15/15)            Temple (0/1) D:7            Lair (8/8) D:9
 Shoals (3/4) Lair:3        Snake (4/4) Lair:5        Slime (0/6) Lair:7
    Orc (2/2) D:12            Elf (3/3) Orc:2        Vaults (0/5) D:13
 Depths (0/5) D:15

Altars:
Ashenzari
Cheibriados
Dithmenos
Elyvilon
Fedhas
Gozag
Kikubaaqudgha
Nemelex Xobeh
Okawaru
Pakellas
Ru
Sif Muna
Vehumet
Xom
Yredelemnul
Zin
Beogh

Shops:
D:7 *   D:10 ?   D:15 }   Orc:1 !   Orc:2 ??[(   Elf:1 }   Elf:3 }   Snake:1 *


Innate Abilities, Weirdness & Mutations

You are resistant to torment.
Your stone body is resilient (AC +15).
You are immune to poison.
Your large and strong wings let you fly indefinitely.
You resist negative energy.
You are resistant to electric shocks.
You can survive without breathing.
You are immune to petrification.
You are immune to rotting.
You have a pair of small horns on your head.
Scrolls take you a little longer to read.


Message History

The merfolk hits you but does no damage.
The water nymph gestures at you while chanting.
The water rises up and strikes you! The water nymph touches you.
The merfolk hits you but does no damage.
You hit the water nymph. You drain the water nymph!
The water nymph is severely wounded.
The water nymph touches you. You block the merfolk's attack.
The water nymph casts a spell at you. The water rises up and strikes you!
Your scale mail prevents you from hitting the water nymph.
You headbutt the water nymph.
The water nymph is severely wounded.
The water nymph casts a spell at you. The water rises up and strikes you!
The merfolk closely misses you. The water nymph casts a spell at you.
The water rises up and strikes you!
* * * LOW HITPOINT WARNING * * *
The water nymph points at you and mumbles some strange words.
The water rises up and strikes you!
You die...

≈≈≈≈≈≈≈... .≈≈≈≈≈≈≈≈≈≈≈≈≈≈≈#
≈≈≈≈≈≈≈≈≈≈≈≈≈≈≈≈≈≈≈≈≈≈≈≈≈≈≈#
≈≈≈≈≈≈≈≈≈≈≈≈≈≈≈≈≈≈≈≈≈≈≈≈≈≈≈#
≈≈≈≈≈≈≈≈≈≈≈≈≈≈≈≈≈≈#
≈≈≈≈≈≈≈≈≈≈≈≈≈≈≈≈≈≈#
≈≈≈≈≈≈≈≈≈≈≈≈≈≈≈≈≈≈#
≈≈≈≈≈≈≈≈≈≈≈≈≈≈≈≈≈≈#
≈≈≈≈≈≈≈≈≈≈≈≈≈≈≈≈≈≈#
≈≈≈≈m≈≈@≈≈≈≈≈≈≈≈≈≈#
.≈≈≈≈≈mm≈≈≈≈≈≈≈≈≈≈#
....≈≈≈≈≈≈≈≈≈≈≈≈≈≈#
####.≈≈≈≈≈≈≈≈≈≈≈≈≈#
#.≈≈≈≈≈≈≈≈≈≈≈≈≈#
#..≈≈≈≈≈≈≈≈≈≈≈≈≈
#$.≈≈≈≈≈≈≈≈≈≈≈≈≈
...≈≈≈≈≈≈≈≈≈≈≈≈


You could see a merfolk and 2 water nymphs.

Vanquished Creatures
  Saint Roka (Snake:3)
  4 deep elf blademasters
  2 deep elf master archers (Elf:3)
  Kirke (Lair:6)
  The ghost of Liquid the Markself, an adept HEHu of Fedhas (Snake:4)
  10 greater nagas
  The ghost of Typee the Severer, an adept DsAK of Lugonu (Shoals:2)
  A fire giant (D:15)
  Aizul (Snake:2)
  Donald (Snake:3)
  9 deep elf sorcerers
  6 deep elf elementalists (Elf:3)
  The ghost of juanjsm the Unseen, a journeyman SpEn of Ashenzari (Shoals:1)
  Nessos (Lair:6)
  7 deep elf demonologists
  8 deep elf annihilators
  Azrael (D:15)
  Snorg (Orc:2)
  8 vault guards (D:13)
  A merfolk javelineer (Shoals:2)
  3 merfolk impalers
  A minotaur (Lab)
  A fire dragon (Lair:6)
  7 deep elf death magi
  8 deep elf high priests
  The ghost of rockintein the Severer, a journeyman MiBe of Trog (D:12)
  The ghost of Typee the Grand Gadgeteer, a journeyman DDAr of Pakellas (D:13)
  16 naga warriors
  7 hydras
  3 catoblepae (Lair:8)
  Erolcha (Orc:1)
  2 centaur warriors
  A merfolk avatar (Shoals:2)
  Erica (D:8)
  Urug (Orc:1)
  30 dancing weapons
  8 anacondas
  2 tengu warriors
  19 death yaks
  2 orc high priests
  17 naga sharpshooters
  9 shock serpents
  23 deep elf knights
  A salamander mystic (Snake:3)
  4 sea snakes
  A swamp dragon (D:14)
  3 naga ritualists
  9 orc knights
  5 hill giants
  13 deep elf archers
  73 deep elf magi
  4 mana vipers
  2 wizards (Elf:1)
  A hornet (D:14)
  2 oklob plants (Lair:1)
  5 fauns
  3 orc sorcerers
  14 ugly things
  4 griffons
  6 manticores
  A wolf spider (D:14)
  A black mamba (shapeshifter) (D:13)
  10 salamanders
  4 cyclopes
  Maurice (Orc:1)
  13 naga magi
  12 elephants
  A water nymph (Shoals:2)
  4 sirens
  36 black mambas
  4 guardian serpents
  5 spiny frogs
  4 gargoyles
  2 freezing wraiths (D:14)
  An efreet (D:13)
  6 komodo dragons
  A tengu conjurer (D:15)
  7 trolls
  9 merfolk
  A troll (shapeshifter) (Orc:2)
  A polar bear (Lair:6)
  Prince Ribbit (D:6)
  A queen bee (D:12)
  A two-headed ogre (D:11)
  Grinder (D:3)
  9 blink frogs
  6 slime creatures (D:15)
  A hornet zombie (D:15)
  5 snapping turtles
  2 spriggans
  5 air elementals
  42 yaks
  Sigmund (D:5)
  8 water elementals
  A wraith (D:13)
  Eustachio (D:5)
  4 wyverns
  22 hippogriffs
  5 hungry ghosts
  7 fire elementals
  6 basilisks
  A steam dragon (shapeshifter) (D:15)
  8 wargs
  2 mottled dragons
  Menkaure (D:4)
  55 nagas
  2 hell hounds (D:15)
  7 porcupines
  11 water moccasins
  An eye of draining (D:13)
  49 orc warriors
  An ice beast (shapeshifter) (Lair:5)
  5 black bears
  2 necrophages (D:11)
  3 sky beasts
  2 ice beasts
  A wasp (D:10)
  21 wolves
  12 ogres
  A boggart (Elf:1)
  19 centaurs
  19 crocodiles
  18 giant frogs
  9 earth elementals
  A gnoll sergeant (D:10)
  2 big kobolds
  A water moccasin zombie (D:8)
  5 scorpions
  24 killer bees
  12 wights
  4 howler monkeys
  An electric eel (Lair:2)
  6 crimson imps
  2 giant frog zombies
  2 wasp zombies
  4 centaur zombies
  A quasit (D:5)
  4 jellies
  10 orc priests
  4 centaur skeletons
  3 giant frog skeletons
  8 hounds
  17 orc wizards
  Crazy Yiuf (D:4)
  Jessica (D:3)
  7 iguanas
  Natasha (twice) (D:4)
  11 worker ants
  8 sheep
  A hound zombie (D:8)
  2 hound skeletons
  A worker ant zombie (D:5)
  5 gnolls (D:10)
  59 river rats
  12 adders
  5 shadow imps
  3 oozes
  4 adder zombies
  3 adder skeletons
  7 worms
  2 dart slugs
  10 giant geckos
  74 orcs
  16 bats
  9 giant cockroaches
  8 goblins
  A hobgoblin (D:3)
  6 jackals
  7 quokkas
  3 ball pythons
  A ball python skeleton (D:4)
  A giant gecko skeleton (D:8)
  5 giant newts
  A jackal zombie (D:5)
  12 kobolds
  A quokka zombie (D:9)
  3 rats
  3 fungi
1289 creatures vanquished.

Vanquished Creatures (collateral kills)
  An ice beast (D:14)
1 creature vanquished.

Vanquished Creatures (others)
  A deep elf elementalist (Elf:3)
  A deep elf high priest (Elf:3)
  A satyr (Shoals:2)
  2 deep elf archers
  A deep elf mage (Elf:2)
  3 humans (Lair:6)
  A wolf (Lair:6)
  A centaur (Shoals:2)
  A river rat (Lair:8)
  27 fungi
  21 plants
60 creatures vanquished.

Grand Total: 1350 creatures vanquished

Notes
Turn   | Place    | Note
--------------------------------------------------------------
     0 | D:1      | dvd the Gargoyle Earth Elementalist began the quest for the Orb.
     0 | D:1      | Reached XP level 1. HP: 10/10 MP: 3/3
   123 | D:1      | Reached skill level 4 in Earth Magic
   159 | D:1      | Reached XP level 2. HP: 10/15 MP: 0/5
  1248 | D:2      | Found an opulent altar of Gozag.
  1296 | D:2      | Reached XP level 3. HP: 19/19 MP: 4/6
  1302 | D:2      | Learned a level 3 spell: Stone Arrow
  1324 | D:2      | Found a shadowy altar of Dithmenos.
  1419 | D:2      | Found a shattered altar of Ashenzari.
  1565 | D:2      | Found an ancient bone altar of Kikubaaqudgha.
  1573 | D:2      | Found a deep blue altar of Sif Muna.
  1574 | D:2      | Found a radiant altar of Vehumet.
  1577 | D:2      | Identified Kikubaaqudgha's Grimoire of Dark Magic
  1587 | D:2      | Became a worshipper of Vehumet
  1927 | D:3      | Reached XP level 4. HP: 21/24 MP: 1/8
  2047 | D:3      | Found an iron altar of Okawaru.
  2149 | D:3      | Found a glowing silver altar of Zin.
  2155 | D:3      | Noticed an angel
  2157 | D:3      | Found a shimmering altar of Xom.
  2162 | D:3      | Noticed Jessica
  2166 | D:3      | Killed Jessica
  2166 | D:3      | Reached skill level 5 in Earth Magic
  2203 | D:3      | Reached * piety under Vehumet
  2203 | D:3      | Offered knowledge of Magic Dart by Vehumet.
  2273 | D:3      | Reached XP level 5. HP: 28/28 MP: 7/9
  2367 | D:3      | Noticed Grinder
  2376 | D:3      | Killed Grinder
  2376 | D:3      | Reached XP level 6. HP: 16/32 MP: 2/12
  2707 | D:4      | Reached skill level 6 in Earth Magic
  2723 | D:4      | Noticed Menkaure
  2748 | D:4      | Killed Menkaure
  2748 | D:4      | Reached skill level 1 in Conjurations
  2748 | D:4      | Reached XP level 7. HP: 13/37 MP: 1/13
  2849 | D:4      | Got a fine amber ring
  2850 | D:4      | Identified the ring of the Vendetta {Ice Fragile +Inv MP+9 Str+4} (You found it on level 4 of the Dungeon)
  2900 | D:4      | Noticed Crazy Yiuf
  2909 | D:4      | Killed Crazy Yiuf
  3186 | D:4      | Noticed Natasha
  3195 | D:4      | Killed Natasha
  3307 | D:4      | Noticed Natasha
  3313 | D:4      | Killed Natasha
  3698 | D:4      | Reached skill level 1 in Fighting
  3698 | D:4      | Reached skill level 1 in Staves
  3698 | D:4      | Reached skill level 5 in Spellcasting
  3698 | D:4      | Reached skill level 7 in Earth Magic
  3698 | D:4      | Reached XP level 8. HP: 43/43 MP: 12/15
  3761 | D:5      | Entered Level 5 of the Dungeon
  3767 | D:5      | Found a sparkling altar of Nemelex Xobeh.
  3775 | D:5      | Noticed Eustachio
  3782 | D:5      | Killed Eustachio
  3807 | D:5      | Offered knowledge of Flame Tongue by Vehumet.
  4001 | D:5      | Noticed Sigmund
  4004 | D:5      | Got a crystal hand axe
  4013 | D:5      | Killed Sigmund
  4032 | D:5      | Reached ** piety under Vehumet
  4330 | D:6      | Noticed Prince Ribbit
  4337 | D:6      | Killed Prince Ribbit
  4343 | D:6      | Identified the +4 hand axe of the Shark {pain, *Confuse +Blink rN+++ Int-2} (You found it on level 5 of the Dungeon)
  4409 | D:6      | Found a blossoming altar of Fedhas.
  4420 | D:6      | Learned a level 4 spell: Petrify
  4449 | D:6      | Reached skill level 8 in Earth Magic
  4544 | D:6      | Reached XP level 9. HP: 41/48 MP: 18/18
  4556 | D:6      | Learned a level 5 spell: Lee's Rapid Deconstruction
  4660 | D:6      | Found a glowing drain.
  4707 | Sewer    | Entered a sewer
  4887 | Sewer    | Offered knowledge of Inner Flame by Vehumet.
  5701 | D:7      | Reached *** piety under Vehumet
  5712 | D:7      | Reached skill level 5 in Stealth
  5860 | D:7      | Found an oddly glowing altar of Pakellas.
  5861 | D:7      | Found a snail-covered altar of Cheibriados.
  5901 | D:7      | Offered knowledge of Sticky Flame by Vehumet.
  6122 | D:7      | Found a staircase to the Ecumenical Temple.
  6326 | D:7      | Found Vieluu's Assorted Antiques.
  6338 | D:7      | Gained mutation: You are clumsy. (Dex -2) [potion of mutation]
  6338 | D:7      | Gained mutation: You tend to lose your temper in combat. [potion of mutation]
  6338 | D:7      | Gained mutation: Your body sometimes deteriorates upon taking damage. [potion of mutation]
  6597 | D:8      | Gained mutation: Your muscles are strong. (Str +2) [potion of beneficial mutation]
  6736 | D:8      | Reached skill level 5 in Dodging
  7035 | D:8      | Noticed Erica
  7043 | D:8      | Killed Erica
  7043 | D:8      | Reached skill level 9 in Earth Magic
  7043 | D:8      | Reached XP level 10. HP: 29/54 MP: 14/21
  7602 | D:8      | Found a sacrificial altar of Ru.
  7650 | D:9      | Found a staircase to the Lair.
  7650 | D:9      | Noticed an elephant
  7661 | D:9      | Reached **** piety under Vehumet
  7683 | D:9      | Killed an elephant
  7683 | D:9      | Offered knowledge of Dazzling Spray by Vehumet.
  7683 | D:9      | Reached skill level 10 in Earth Magic
  7889 | D:9      | Noticed a gargoyle
  8433 | D:9      | Found a basalt altar of Yredelemnul.
  8539 | D:9      | Got an ancient short sword
  8719 | D:9      | Found a white marble altar of Elyvilon.
  8760 | D:10     | Entered Level 10 of the Dungeon
  8765 | D:10     | Found Ifagav's Magic Scroll Boutique.
  8774 | D:10     | Reached skill level 1 in Armour
  8848 | D:10     | Noticed a hill giant
  8857 | D:10     | Killed a hill giant
  9098 | D:10     | Reached skill level 11 in Earth Magic
  9139 | D:10     | Found a white marble altar of Elyvilon.
  9288 | D:10     | Identified the +4 short sword of Context {freeze, rN+} (You found it on level 9 of the Dungeon)
  9328 | D:10     | Noticed a centaur warrior
  9355 | D:10     | Killed a centaur warrior
  9355 | D:10     | Reached XP level 11. HP: 25/60 MP: 23/24
 10061 | D:11     | Reached skill level 1 in Transmutations
 10299 | D:11     | Noticed a purple ugly thing
 10312 | D:11     | Killed a purple ugly thing
 10312 | D:11     | Reached ***** piety under Vehumet
 10312 | D:11     | Offered knowledge of Throw Icicle by Vehumet.
 10391 | D:11     | Reached skill level 12 in Earth Magic
 10424 | D:11     | Noticed a hill giant
 10463 | D:11     | Killed a hill giant
 10749 | D:11     | You fall through a shaft for 2 floors!
 10767 | D:13     | Noticed a purple ugly thing
 10784 | D:13     | Noticed Typee's ghost (journeyman DDAr)
 10876 | D:13     | Noticed a vault guard
 10882 | D:13     | Noticed a vault guard
 10883 | D:13     | Noticed a vault guard
 10884 | D:13     | Noticed a vault guard
 10968 | D:13     | Killed a cyan ugly thing
 11335 | D:12     | Found a staircase to the Orcish Mines.
 11352 | D:12     | Noticed rockintein's ghost (journeyman MiBe)
 11614 | Lair:1   | Entered Level 1 of the Lair of Beasts
 11650 | Lair:1   | Reached skill level 5 in Conjurations
 11667 | Lair:1   | Reached skill level 10 in Spellcasting
 11667 | Lair:1   | Reached XP level 12. HP: 66/66 MP: 18/26
 12175 | Lair:1   | Learned a level 5 spell: Bolt of Magma
 12287 | Lair:1   | Identified a -2 rod of ignition (10/10) (You took it off a centaur on level 11 of the Dungeon)
 12572 | Lair:2   | Reached skill level 13 in Earth Magic
 13511 | Lair:3   | Found a staircase to the Shoals.
 13623 | Lair:3   | Reached skill level 5 in Fighting
 14084 | Lair:4   | Noticed a death yak
 14087 | Lair:4   | Noticed a death yak
 14093 | Lair:4   | Noticed a death yak
 14154 | Lair:4   | Found a labyrinth entrance.
 14166 | Lab      | Entered a labyrinth
 14476 | Lab      | Noticed a minotaur
 14482 | Lab      | Killed a minotaur
 14491 | Lab      | Identified the Grimoire of Weightlessness and the Blaze
 14494 | Lab      | Identified a +8 rod of inaccuracy (9/13) (You took it off a minotaur in a labyrinth)
 14495 | Lab      | Identified a +4 rod of inaccuracy (12/12) (You found it in a labyrinth)
 14804 | Lair:4   | Killed a death yak
 14805 | Lair:4   | Killed a death yak
 14806 | Lair:4   | Killed a death yak
 14806 | Lair:4   | Reached skill level 14 in Earth Magic
 14806 | Lair:4   | Reached XP level 13. HP: 72/72 MP: 2/28
 15563 | Lair:5   | Reached skill level 5 in Staves
 16070 | Lair:5   | Found a staircase to the Snake Pit.
 16192 | Lair:5   | Offered knowledge of Irradiate by Vehumet.
 16196 | Lair:5   | Learned a level 2 spell: Repel Missiles
 16202 | Lair:5   | Learned a level 4 spell: Force Lance
 16418 | Lair:6   | Noticed Nessos
 16450 | Lair:5   | Reached skill level 1 in Fire Magic
 16670 | Lair:6   | Reached skill level 1 in Charms
 16903 | Lair:6   | Noticed Kirke
 16919 | Lair:6   | Killed Kirke
 16923 | Lair:6   | Reached skill level 5 in Armour
 17260 | Lair:6   | Identified a scroll of acquirement
 17261 | Lair:6   | Got an encrusted buckler
 17268 | Lair:6   | Identified the +0 buckler of Charity {Str+4 Stlth+} (You acquired it on level 6 of the Lair of Beasts)
 17439 | Lair:6   | Reached skill level 15 in Earth Magic
 17637 | Lair:6   | Noticed a fire dragon
 17652 | Lair:6   | Killed a fire dragon
 17652 | Lair:6   | Gained mutation: Your large and strong wings let you fly indefinitely. [Gargoyle growth]
 17652 | Lair:6   | Reached XP level 14. HP: 41/79 MP: 3/30
 17931 | Lair:6   | Learned a level 6 spell: Iron Shot
 18004 | Lair:6   | Killed Nessos
 18793 | Lair:7   | Found a staircase to the Slime Pits.
 19120 | Lair:8   | Entered Level 8 of the Lair of Beasts
 19124 | Lair:8   | Offered knowledge of Conjure Ball Lightning by Vehumet.
 19361 | Lair:8   | Found a sacrificial altar of Ru.
 19408 | Lair:8   | Got a steaming robe
 19419 | Lair:8   | Identified the +1 robe of Zocuczoy {-Cast rF++ Regen+ Int+3} (You found it on level 8 of the Lair of Beasts)
 19499 | Lair:8   | Gained mutation: You passively map a small area around you. [potion of mutation]
 19499 | Lair:8   | Gained mutation: Scrolls take you a little longer to read. [potion of mutation]
 19499 | Lair:8   | Gained mutation: Your natural rate of healing is unusually fast. [potion of mutation]
 20697 | Lair:8   | Reached XP level 15. HP: 82/84 MP: 22/31
 21181 | D:12     | Reached skill level 16 in Earth Magic
 21354 | D:12     | Found a sparkling altar of Nemelex Xobeh.
 21455 | D:12     | Killed rockintein's ghost
 21522 | Orc:1    | Entered Level 1 of the Orcish Mines
 21726 | Orc:1    | Found a roughly hewn altar of Beogh.
 21876 | Orc:1    | Offered knowledge of Delayed Fireball by Vehumet.
 21940 | Orc:1    | Noticed Erolcha
 21946 | Orc:1    | Noticed Maurice
 21947 | Orc:1    | Killed Erolcha
 21950 | Orc:1    | Noticed Urug
 21972 | Orc:1    | Killed Urug
 21973 | Orc:1    | Killed Maurice
 22083 | Orc:1    | Found Plog's Distillery.
 22233 | Orc:2    | Entered Level 2 of the Orcish Mines
 22724 | Orc:2    | Noticed Snorg
 22736 | Orc:2    | Killed Snorg
 22956 | Orc:1    | Reached skill level 1 in Translocations
 23395 | Orc:2    | Found Suekij's Antique Armour Shoppe.
 23396 | Orc:2    | Found Tiecris's Weapon Boutique.
 23412 | Orc:2    | Bought the -2 hat of the Alchemist {rElec rPois rF+ rC+ rN+ MR+ rMut rCorr} for 1132 gold pieces
 23425 | Orc:2    | Bought a pair of glowing boots for 108 gold pieces
 23438 | Orc:2    | Bought a pitted scale mail for 216 gold pieces
 23448 | Orc:2    | Identified the cursed +1 scale mail of Liberalism {Int+4} (You bought it in a shop on level 2 of the Orcish Mines)
 23477 | Orc:2    | Found a roughly hewn altar of Beogh.
 23885 | Orc:2    | Reached ****** piety under Vehumet
 23962 | Orc:2    | Found Jimidghu's Magic Scroll Boutique.
 23962 | Orc:2    | Found Utaicysk's Magic Scroll Shoppe.
 24058 | Orc:2    | Found a staircase to the Elven Halls.
 24482 | D:13     | Reached skill level 10 in Conjurations
 24592 | D:13     | Found a gate to the Vaults.
 24648 | D:13     | Offered knowledge of Bolt of Cold by Vehumet.
 24703 | D:13     | Killed Typee's ghost
 25582 | D:14     | Reached XP level 16. HP: 86/92 MP: 15/33
 26022 | D:14     | Reached skill level 17 in Earth Magic
 26536 | Snake:1  | Entered Level 1 of the Snake Pit
 26555 | Snake:1  | Offered knowledge of Poison Arrow by Vehumet.
 26685 | Snake:1  | Lost mutation: You tend to lose your temper in combat. [potion of cure mutation]
 26685 | Snake:1  | Lost mutation: You passively map a small area around you. [potion of cure mutation]
 26685 | Snake:1  | Lost mutation: Your body sometimes deteriorates upon taking damage. [potion of cure mutation]
 26685 | Snake:1  | Lost mutation: Your natural rate of healing is unusually fast. [potion of cure mutation]
 26685 | Snake:1  | Lost mutation: Scrolls take you a little longer to read. [potion of cure mutation]
 26685 | Snake:1  | Lost mutation: Your muscles are strong. (Str +2) [potion of cure mutation]
 26685 | Snake:1  | Lost mutation: You are clumsy. (Dex -2) [potion of cure mutation]
 26999 | Snake:1  | Found Fuleqoda's Assorted Antiques.
 27495 | Snake:1  | Got a slimy great mace
 27496 | Snake:1  | Identified the cursed +1 great mace "Murmur" {distort, rC++ Str+6} (You found it on level 1 of the Snake Pit)
 28275 | Snake:2  | Noticed a greater naga
 28283 | Snake:2  | Killed a greater naga
 29144 | Snake:2  | Got a transparent crystal plate armour
 29155 | Snake:2  | Identified the +8 crystal plate armour of the Moon {MP+9} (You found it on level 2 of the Snake Pit)
 29187 | Snake:2  | Got a transparent hand axe
 29188 | Snake:2  | Identified the +5 hand axe of Evaq {freeze, +Blink +Inv rF- SInv} (You found it on level 2 of the Snake Pit)
 29196 | Snake:2  | Got an iridescent greatsling
 29197 | Snake:2  | Identified the cursed +3 greatsling of Dishonour {freeze, rN++ Str+7 Dex-3} (You found it on level 2 of the Snake Pit)
 29209 | Snake:2  | Identified the Grimoire of Bewitchment and Necromancy (You found it on level 2 of the Snake Pit)
 29505 | Snake:3  | Noticed Donald
 29522 | Snake:3  | Killed Donald
 30458 | Snake:3  | Gained mutation: You have a pair of small horns on your head. [potion of beneficial mutation]
 31052 | Snake:3  | Noticed a greater naga
 31057 | Snake:3  | Killed a greater naga
 31124 | Snake:3  | Noticed a greater naga
 31130 | Snake:3  | Killed a greater naga
 31138 | Snake:3  | Noticed Aizul
 31174 | Snake:2  | Killed Aizul
 31419 | Snake:3  | Noticed Saint Roka
 31969 | Snake:3  | Reached XP level 17. HP: 96/96 MP: 35/35
 32012 | Snake:3  | Reached skill level 18 in Earth Magic
 32896 | Snake:3  | Killed Saint Roka
 33159 | Snake:4  | Entered Level 4 of the Snake Pit
 33820 | Snake:4  | Noticed Liquid's ghost (adept HEHu)
 33835 | Snake:4  | Killed Liquid's ghost
 34032 | Snake:4  | Found a shimmering altar of Xom.
 34200 | Snake:4  | Offered knowledge of Ozocubu's Refrigeration by Vehumet.
 34242 | Snake:4  | Reached skill level 15 in Spellcasting
 36665 | Snake:4  | Offered knowledge of Lehudib's Crystal Spear by Vehumet.
 36665 | Snake:4  | Offered knowledge of Fire Storm by Vehumet.
 36665 | Snake:4  | Offered knowledge of Tornado by Vehumet.
 36843 | Snake:3  | Learned a level 8 spell: Lehudib's Crystal Spear
 37135 | Snake:4  | Reached skill level 19 in Earth Magic
 37440 | Snake:4  | Reached XP level 18. HP: 81/103 MP: 21/37
 37621 | Snake:4  | Got a serpentine rune of Zot
 38298 | D:15     | Entered Level 15 of the Dungeon
 38298 | D:15     | Noticed Azrael
 38731 | D:15     | Found Ytsoluimoh's Gadget Emporium.
 39128 | D:15     | Found a staircase to the Depths.
 39337 | D:15     | Killed Azrael
 39910 | Elf:1    | Entered Level 1 of the Elven Halls
 40256 | Elf:1    | Reached skill level 1 in Air Magic
 40916 | Elf:1    | Found a radiant altar of Vehumet.
 40942 | Elf:1    | Found Follibb's Gadget Shoppe.
 42231 | Elf:2    | Reached skill level 20 in Earth Magic
 42584 | Elf:2    | Found a runed gate.
 42605 | Elf:2    | Found a runed gate.
 42607 | Elf:2    | Found a runed gate.
 42803 | Elf:2    | Reached XP level 19. HP: 74/108 MP: 39/39
 44624 | Elf:3    | Entered Level 3 of the Elven Halls
 44652 | Elf:3    | Reached skill level 1 in Maces & Flails
 44863 | Elf:3    | Found Poigg's Gadget Shoppe.
 45221 | Elf:3    | Reached skill level 1 in Shields
 45233 | Elf:3    | Noticed an Ice Fiend
 46123 | Elf:3    | Noticed a Hell Sentinel
 46473 | Elf:3    | Reached skill level 21 in Earth Magic
 46995 | Elf:3    | Reached XP level 20. HP: 112/114 MP: 41/41
 47037 | Elf:3    | Noticed a Tzitzimitl
 47854 | Elf:3    | Got a pitted morningstar {crush}
 47866 | Elf:2    | Identified the cursed +1 morningstar of Mandamus {crush, SInv} (You took it off a deep elf high priest on level 3 of the Elven Halls)
 48381 | Elf:3    | Got an ominously black robe
 48487 | Elf:3    | Got a sheer robe
 48625 | Elf:3    | Identified the cursed +1 robe of Eternal Vigilance {Int+4 Dex+4} (You took it off a deep elf sorcerer on level 3 of the Elven Halls)
 48636 | Elf:3    | Identified the +1 robe of Wrong Decisions {Str+4} (You took it off a deep elf annihilator on level 3 of the Elven Halls)
 48818 | Elf:3    | Learned a level 2 spell: Blink
 49019 | Elf:3    | Reached skill level 10 in Armour
 49066 | Elf:3    | Identified Raasorun's Disquisition on Glacial Transmutation (You found it on level 3 of the Elven Halls)
 49280 | Elf:3    | Learned a level 2 spell: Shroud of Golubria
 49490 | Elf:1    | Gained mutation: Scrolls take you a little longer to read. [a neqoxec]
 49821 | Shoals:1 | Entered Level 1 of the Shoals
 49956 | Shoals:1 | Learned a level 3 spell: Dazzling Spray
 50056 | Shoals:1 | Noticed juanjsm's ghost (journeyman SpEn)
 50058 | Shoals:1 | Killed juanjsm's ghost
 51718 | Shoals:2 | Noticed Typee's ghost (adept DsAK)
 51770 | Shoals:2 | Killed Typee's ghost
 52350 | Shoals:3 | Killed from afar by a water nymph

Skill      XL: |  1  2  3  4  5  6  7  8  9 10 11 12 13 14 15 16 17 18 19 20 |
---------------+-------------------------------------------------------------+-----
Earth Magic    | 4 5 6 7 8 9 11 12 14 15 16 17 19 20 21 | 21.8
Spellcasting   | 3 4 5 6 7 9 10 11 12 13 14 15 16 17 | 17.9
Dodging        | 2 3 4 5 6 7 8 9 |  9.3
Conjurations   | 1 2 4 5 6 7 9 10 11 12 13 | 13.5
Stealth        | 3 4 5 6 7 |  7.7
Fighting       | 1 2 3 4 5 6 7 8 |  8.9
Staves         | 1 2 3 4 5 6 7 8 |  8.8
Armour         | 1 3 4 5 6 7 8 9 10 | 10.1
Transmutations | 1 |  1.9
Fire Magic     | 1 2 3 |  3.3
Charms         | 3 |  3.4
Translocations | 1 |  1.5
Air Magic      | 1 |  1.7
Maces & Flails | 1 4 |  4.5
Shields        | 1 2 |  2.9
Short Blades   | |  0.5
Evocations     | |  0.5

Action                   |  1- 3 |  4- 6 |  7- 9 | 10-12 | 13-15 | 16-18 | 19-21 || total
-------------------------+-------+-------+-------+-------+-------+-------+-------++-------
Melee: Dagger            |     6 |    13 |       |       |       |       |       ||    19
       Unarmed           |     1 |       |       |       |       |       |       ||     1
       Short sword       |     9 |    11 |     2 |       |       |       |       ||    22
       Quarterstaff      |       |       |   173 |   300 |   621 |   614 |    56 ||  1764
       Morningstar       |       |       |       |    16 |       |       |    40 ||    56
       Headbutt          |       |       |       |       |       |    99 |    41 ||   140
       Eveningstar       |       |       |       |       |       |       |   187 ||   187
 Cast: Sandblast         |    49 |    46 |    61 |    55 |    34 |       |       ||   245
       Stone Arrow       |     2 |     2 |    53 |   212 |   324 |   558 |   338 ||  1489
       Lee's Rapid Decon |       |       |     7 |    78 |    91 |   163 |   117 ||   456
       Petrify           |       |       |     3 |    20 |     2 |     3 |       ||    28
       Bolt of Magma     |       |       |       |     3 |    54 |    40 |    16 ||   113
       Force Lance       |       |       |       |       |    40 |    14 |    14 ||    68
       Repel Missiles    |       |       |       |       |     4 |    21 |     8 ||    33
       Iron Shot         |       |       |       |       |    86 |    53 |    58 ||   197
       Shroud of Golubri |       |       |       |       |       |       |     4 ||     4
       Dazzling Spray    |       |       |       |       |       |       |     2 ||     2
 Abil: Fly               |       |       |       |       |     1 |       |       ||     1
Evoke: Wand              |       |       |       |       |     4 |    11 |     2 ||    17
  Use: Scroll            |       |     6 |    11 |    21 |    11 |    11 |     8 ||    68
       Potion            |       |       |    11 |     5 |     9 |     7 |     1 ||    33
 Stab: Sleeping          |       |     2 |    10 |     1 |     8 |     4 |     1 ||    26
       Paralysed         |       |       |     1 |     1 |     5 |       |       ||     7
       Petrifying        |       |       |       |     3 |     2 |     5 |       ||    10
       Petrified         |       |       |       |     2 |       |     4 |       ||     6
       Confused          |       |       |       |       |     3 |     3 |     1 ||     7
       Invisible         |       |       |       |       |       |     1 |     1 ||     2
       Distracted        |       |       |       |       |       |     1 |       ||     1
  Eat: Chunk             |     4 |     3 |    18 |    32 |    71 |    28 |    26 ||   182
       Pizza             |       |       |       |     2 |     5 |     4 |     1 ||    12
       Beef jerky        |       |       |       |     2 |     1 |       |       ||     3
       Meat ration       |       |       |       |     1 |     1 |     6 |     1 ||     9
       Royal jelly       |       |       |       |     2 |     1 |     6 |     2 ||    11
       Fruit             |       |       |       |       |     1 |     2 |     3 ||     6
Armor: Robe              |    20 |    26 |    89 |       |       |       |       ||   135
       Scale mail        |       |       |     1 |   329 |   631 |   637 |   374 ||  1972
Dodge: Dodged            |    25 |    23 |   162 |   325 |   613 |   592 |   198 ||  1938
       Deflected         |       |       |       |       |    15 |    84 |    33 ||   132
Block: Buckler           |     2 |       |       |       |       |       |       ||     2
       Other             |       |       |       |       |       |     5 |       ||     5
       Shield            |       |       |       |       |       |       |   160 ||   160
       Reflection        |       |       |       |       |       |       |    33 ||    33
